 Dungeon Crawl Stone Soup version 0.31-a0-1002-g8e65716e6e (webtiles) character file.

Game seed: 4365347764664901229

134444 Dirtsage the Metamorph (level 17, -10/79 HPs)
             Began as an Octopode Shapeshifter on Nov 9, 2023.
             Was an Initiate of Gozag.
             Killed from afar by a salamander tyrant (43 damage)
             ... on level 4 of the Snake Pit on Nov 10, 2023.
             The game lasted 01:55:44 (32145 turns).

Dirtsage the Metamorph (Octopode Shapeshifter)     Turns: 32145, Time: 01:55:45

Health: -10/79     AC: 21    Str: 20    XL:     17   Next: 17%
Magic:  26/26      EV: 29    Int: 11    God:    Gozag
Gold:   4210       SH:  0    Dex: 18    Spells: 14/28 levels left

rFire   . .          .
                       - Unarmed
rCold   + . .        (shield currently unavailable)
rNeg    . . .        (helmet currently unavailable)
rPois   ∞            L - amulet of regeneration
rElec   +            j - +6 ring of strength
rCorr   .            K - +4 ring of protection
SInv    +            c - +4 ring of protection
Will    +....        S - ring of see invisible
Stlth   ++           P - ring of poison resistance
HPRegen 1.13/turn    I - ring of protection from cold
MPRegen 0.20/turn    U - +4 ring of protection
                     W - ring of wizardry

%: wizardry (x1)
@: about to teleport, storm-form, flying
A: cleaving, insubstantial, flying, reduced hp, almost no armour, amphibious, 8
rings, (camouflage 1), (gelatinous body 1), (nimble swimmer 1), (tentacles),
dopey 1
a: Blinkbolt, Begin Untransformation, Renounce Religion, Potion Petition, Call
Merchant, Bribe Branch


You were on level 4 of the Snake Pit.
You worshipped Gozag.
Gozag was most pleased with you.
You were a lightning-filled tempest!
You visited 5 branches of the dungeon, and saw 27 of its levels.
You also visited: Ossuary and Ice Cave.

You collected 9451 gold pieces.
You spent 3432 gold pieces at shops.
You paid 1809 gold pieces to Gozag.

Inventory:

Missiles
 z - 3 curare-tipped darts
Armour
 u - a +0 kite shield
 J - a +2 hat
Jewellery
 c - a +4 ring of protection (on tentacle)
 j - a +6 ring of strength (left tentacle)
 w - a ring of magical power
 H - the amulet "Fatytroel" {Faith rN+ Stlth+}
   (You found it on level 3 of the Snake Pit)

   [amulet of faith]

   Faith:     It allows you to gain divine favour quickly.
   rN+:       It protects you from negative energy.
   Stlth+:    It makes you more stealthy.
 I - a ring of protection from cold (on tentacle)
 K - a +4 ring of protection (right tentacle)
 L - an amulet of regeneration (around neck)
 P - a ring of poison resistance (on tentacle)
 S - a ring of see invisible (on tentacle)
 U - a +4 ring of protection (on tentacle)
 W - a ring of wizardry (on tentacle)
 X - an amulet of guardian spirit
Talismans
 p - a storm talisman (active)
 D - the serpent talisman of Ewnoyxe {Str+2}
   (You took it off Aizul on level 1 of the Snake Pit)

   [serpent talisman]

   Str+2:     It affects your strength (+2).
Wands
 f - a wand of quicksilver (27)
 k - a wand of roots (21)
 o - a wand of flame (26) (quivered)
 v - a wand of polymorph (15)
Scrolls
 g - 4 scrolls of fear
 i - a scroll of identify
 m - 10 scrolls of fog
 r - a scroll of enchant armour
 t - 10 scrolls of teleportation
 x - 6 scrolls of vulnerability
 A - 2 scrolls of poison
 B - 6 scrolls of blinking
 F - a scroll of amnesia
 M - a scroll of immolation
 R - 2 scrolls of revelation
Potions
 a - 5 potions of cancellation
 b - 2 potions of degeneration
 d - 9 potions of might
 e - 3 potions of brilliance
 h - 8 potions of haste
 l - 5 potions of heal wounds
 n - 7 potions of resistance
 q - 11 potions of curing
 s - 2 potions of berserk rage
 y - 5 potions of enlightenment
 C - 4 potions of mutation
 E - 6 potions of lignification
 Q - 6 potions of attraction
Miscellaneous
 Y - a lightning rod (4/4)


   Skills:
 - Level 10.2 Fighting
 - Level 6.4 Dodging
 - Level 14.0 Unarmed Combat
 - Level 6.3 Spellcasting
 - Level 5.2 Translocations
 - Level 7.0 Ice Magic
 - Level 5.2 Air Magic
 * Level 19.9 Shapeshifting


You had 14 spell levels left.
You knew the following spells:

 Your Spells              Type           Power      Damage    Failure   Level
a - Manifold Assault      Tloc           15%        N/A       9%          4
b - Blink                 Tloc           30%        N/A       1%          2
c - Vhi's Electric Charg  Tloc/Air       30%        N/A       9%          4
g - Apportation           Tloc           30%        N/A       1%          1
A - Ozocubu's Armour      Ice            18%        N/A       1%          3

Your spell library contained the following spells:

 Spells                   Type           Power      Damage    Failure   Level
 Ensorcelled Hibernation  Hex/Ice        22%        N/A       2%          2
 Swiftness                Air            14%        N/A       2%          3
 Magic Dart               Conj           12%        1d3       8%          1
 Necrotise                Necr           12%        1d4       8%          1
 Sandblast                Erth           6%         2d5       8%          1
 Summon Small Mammal      Summ           12%        N/A       8%          1
 Jinxbite                 Hex            6%         N/A       12%         2
 Passwall                 Tmut/Erth      2%         N/A       12%         2
 Searing Ray              Conj           6%         2d4       12%         2
 Stone Arrow              Conj/Erth      6%         3d7       22%         3
 Summon Guardian Golem    Hex/Summ       3%         N/A       22%         3
 Metabolic Englaciation   Hex/Ice        5%         N/A       43%         5
 Arcjolt                  Conj/Air       4%         1d14      54%         5
 Summon Forest            Summ/Tloc      4%         N/A       54%         5
 Anguish                  Hex/Necr       1%         N/A       56%         4
 Brom's Barrelling Bould  Conj/Erth      3%         2d3       56%         4
 Fulminant Prism          Conj/Hex       1%         3d5       56%         4
 Petrify                  Tmut/Erth      3%         N/A       56%         4
 Fireball                 Conj/Fire      1%         3d3       88%         5
 Irradiate                Conj/Tmut      1%         3d12      88%         5
 Iskenderun's Battlesphe  Conj           3%         2d6       88%         5
 Summon Mana Viper        Hex/Summ       3%         N/A       88%         5
 Conjure Ball Lightning   Conj/Air       4%         3x3d6     98%         6
 Plasma Beam              Fire/Air       4%         2x1d14    98%         6
 Summon Cactus Giant      Summ           1%         N/A       100%        6
 Orb of Destruction       Conj           1%         9d5       100%        7
 Spellforged Servitor     Conj/Summ      1%         N/A       100%        7
 Sublimation of Blood     Necr           Unusable   N/A       N/A         2
 Simulacrum               Ice/Necr       Unusable   N/A       N/A         6

Dungeon Overview and Level Annotations

Branches:
Dungeon (15/15)            Temple (1/1) D:6            Lair (5/5) D:10
 Shoals (0/4) Lair:2        Snake (4/4) Lair:3        Slime (0/5) Lair:4
    Orc (2/2) D:11            Elf (0/3) Orc:2        Vaults (0/5) D:13
 Depths (0/4) D:15        Ossuary (visited)           IceCv (visited)

Altars:
Ashenzari
Cheibriados
Dithmenos
Elyvilon
Fedhas
Gozag
Hepliaklqana
Kikubaaqudgha
Makhleb
Nemelex Xobeh
Okawaru
Qazlal
Ru
Sif Muna
Trog
Uskayaw
Vehumet
Wu Jian
Xom
Yredelemnul
Zin
The Shining One

Shops:
D:2 *?!   D:5 *   D:6 *(*(**([   D:10 =*   Orc:1 *   Orc:2 (!(*

Annotations:
D:5 1 runed translucent door, night's ghost, novice OpVM
D:11 1 runed translucent door, DEFE's ghost, novice DsWn
Snake:2 4 runed translucent doors, Emari's ghost, adept TrBe; Roxanne


Innate Abilities, Weirdness & Mutations

You are a lightning-filled tempest!
Your electrical attacks strike out in all directions at once.
You are incredibly evasive.
Your insubstantial body is immune to petrification, constriction, and being set on fire You are flying.
Your maximum health is decreased, since you lack skill for your form.
Your armour is entirely melded.
You are incapable of wielding weapons or throwing items.
You cannot wear most types of armour.
You are amphibious.
You can wear up to eight rings at the same time.
You are immune to poison.
((Your skin changes colour to match your surroundings (Stealth+).))
((Your rubbery body absorbs attacks. (AC +1, EV +1)))
((You are camouflaged when in or above water. (Stealth+)))
((You have tentacles for arms and can constrict up to eight enemies at once.))
You are dopey. (Int -2)


Message History

Okay, then.
You begin transforming.
You continue transforming. x3
Your transformation has ended.
You turn into a lightning-filled tempest!
You take 59 damage, and have 79/79 hp.
MASSIVE DAMAGE!!
A naga and a naga sharpshooter come into view.
The naga sharpshooter is wielding a +1 heavy hand axe.
The naga shouts!
You now have 4181 gold pieces (gained 5).
The naga spits poison at you. The splash of poison misses you.
The naga misses you.
You buffet the naga!
The naga is heavily wounded.
The naga hits you but does no damage.
You batter the naga!! Lightning courses through the naga!!
You kill the naga!
You are a lightning-filled tempest!
You are flying.
Your flying speed is average.
Your attack delay is about 0.7.
Your damage rating with unarmed combat is about 52 (Base [22 + 14 (UC)] x 125% (Str) x 117% (Fight)).
Your base attributes are Str 14, Int 13, Dex 18.
Unknown command.
You now have 4190 gold pieces (gained 9).
You now have 4210 gold pieces (gained 20).
Things that are here:
a +0 short sword; a +0 heavy battleaxe A salamander tyrant comes into view.
The salamander tyrant rends the earth beneath you!
The blast of magma engulfs you!!!
Ouch! That really hurt!
You take 54 damage, and have 25/79 hp.
MASSIVE DAMAGE!!
You regained 2 hp, and now have 28/79 hp.
Okay, then.
As you read the scroll of teleportation, it crumbles to dust.
You feel strangely unstable.
The salamander tyrant rends the earth beneath you!
The blast of magma engulfs you!!!
Ouch! That really hurt!
You die...
Your body crumbles into a pile of gold.

...## #........... ....#
#........... ....# #...........
....# ######## #...........
....#####......### #...........
.................#####...........
.........N....)...)).............
.........≈....)≈≈..).............
...............≈v≈...............
...$######......######...........
....# ######## #........... ....#
#.......... .#..# #.........
....# #......... ....######
.........# .....#......


You could see a salamander tyrant.

Vanquished Creatures
  Vashnia (Snake:3)
  Rupert (D:12)
  Aizul (Snake:1)
  Gastronok (Lair:2)
  2 orc warlords
  A reaper (IceCv)
  2 ettins
  Josephine (D:11)
  2 salamander tyrants
  4 hydras
  A catoblepas (D:13)
  3 anacondas
  A death knight (D:15)
  8 centaur warriors
  A merfolk avatar (Lair:5)
  2 boulder beetles
  A tengu warrior (D:14)
  3 two-headed ogres
  3 death yaks (Lair:5)
  9 naga warriors
  3 orc high priests (Orc:2)
  8 naga sharpshooters
  3 shock serpents
  A hell knight (D:15)
  3 skeletal warriors (D:15)
  4 salamander mystics
  2 sea snakes (Lair:5)
  A skyshark (Lair:3)
  A naga ritualist (Snake:3)
  A phantasmal warrior (D:15)
  A deep elf pyromancer (D:15)
  6 mana vipers
  7 orc knights
  A necromancer (D:15)
  7 ugly things
  3 manticores
  5 orc sorcerers
  A shining eye (shapeshifter) (D:13)
  19 salamanders
  4 cyclopes
  19 black mambas
  8 elephants
  3 guardian serpents
  6 naga magi
  2 ice statues (IceCv)
  6 torpor snails
  14 cane toads
  Maggie (Lair:1)
  A komodo dragon (shapeshifter) (D:15)
  An unseen horror (D:13)
  2 efreet (D:14)
  6 komodo dragons
  14 rime drakes
  A rime drake (shapeshifter) (D:15)
  2 tengu conjurers (D:15)
  2 anaconda simulacra (IceCv)
  6 ice devils (IceCv)
  11 yaktaurs (D:15)
  2 freezing wraiths
  4 trolls
  A wind drake (Lair:5)
  6 polar bears
  Grinder (D:3)
  A hornet (D:14)
  16 dream sheep
  17 blink frogs
  A snapping turtle (Lair:5)
  5 centaur simulacra
  11 slime creatures
  A vampire (D:12)
  5 wraiths
  7 wyverns
  A fire elemental (D:13)
  A dire elephant simulacrum (IceCv)
  2 yaks (shapeshifter) (D:13)
  16 yaks
  6 basilisks
  Grum (D:10)
  3 steam dragons
  8 vampire mosquitoes
  Menkaure (D:4)
  35 nagas
  4 wargs
  An acid dragon (D:9)
  4 hydra simulacra (IceCv)
  3 harpy simulacra (IceCv)
  10 water moccasins
  4 sky beasts
  33 orc warriors
  2 ice beasts
  2 black bears
  14 centaurs
  5 ogres
  4 wolves
  4 kobold brigands
  2 phantoms
  An elf zombie (Ossuary)
  12 bullfrogs
  4 gnoll sergeants
  8 scorpions
  5 wights (D:7)
  An elephant simulacrum (IceCv)
  18 killer bees
  A vampire bat (Lair:4)
  A howler monkey (D:6)
  A centaur zombie (Ossuary)
  2 electric eels (Lair:5)
  5 gnoll boudas
  14 orc priests
  7 hounds
  3 jellies (Lair:4)
  2 sleepcaps
  5 iguanas
  24 orc wizards
  7 hell rats (Lair:4)
  4 troll simulacra
  2 mummies (Ossuary)
  27 gnolls
  5 adders
  2 naga simulacra
  3 white imps
  2 ufetubi (D:5)
  2 worms
  A dart slug (D:2)
  97 orcs
  An endoplasm (D:4)
  4 giant cockroaches
  2 gnoll zombies (Ossuary)
  4 hobgoblins
  3 jackals (D:6)
  20 kobolds
  4 quokkas
  2 ball pythons
  10 bats
  2 frilled lizards (D:2)
  7 goblins
  3 goblin zombies (Ossuary)
  3 hobgoblin zombies (Ossuary)
  4 orc zombies (Ossuary)
  A rat (D:2)
814 creatures vanquished.

Vanquished Creatures (collateral kills)
  Frances (Snake:2)
1 creature vanquished.

Vanquished Creatures (others)
  An orc wizard (Orc:2)
  An orc (Orc:1)
2 creatures vanquished.

Grand Total: 817 creatures vanquished

Notes
Turn   | Place    | Note
-------+----------+-------------------------------------------
     0 | D:1      | Dirtsage the Octopode Shapeshifter began the quest for the
                  | Orb.
     0 | D:1      | Reached XP level 1. HP: 13/13 MP: 1/1
   522 | D:1      | Reached XP level 2. HP: 18/18 MP: 2/2
   698 | D:2      | Found Zehett Caama's Magic Scroll Shoppe.
   852 | D:2      | Found Gatihuir's Distillery.
  1140 | D:2      | Found Xurphar's General Store.
  1230 | D:3      | Found a basalt altar of Yredelemnul.
  1244 | D:3      | Reached XP level 3. HP: 23/23 MP: 3/3
  1385 | D:3      | Noticed Grinder
  1396 | D:3      | Paralysed by Grinder for 4 turns
  1406 | D:3      | Paralysed by Grinder for 3 turns
  1430 | D:3      | Killed Grinder
  1431 | D:3      | Reached skill level 4 in Shapeshifting
  1431 | D:3      | Reached XP level 4. HP: 30/30 MP: 4/4
  1431 | D:3      | Reached XP level 5. HP: 35/35 MP: 5/5
  1431 | D:3      | Reached XP level 6. HP: 41/41 MP: 6/6
  2024 | D:3      | Found a stormy altar of Qazlal.
  2024 | D:3      | Found a sparkling altar of Nemelex Xobeh.
  2200 | D:4      | Reached skill level 5 in Unarmed Combat
  2201 | D:4      | Identified the +2 leather armour of Xuadunuo {Str+4}
  2572 | D:4      | Reached skill level 5 in Shapeshifting
  2576 | D:4      | Reached XP level 7. HP: 28/46 MP: 7/7
  3174 | D:4      | Noticed Menkaure
  3180 | D:4      | Killed Menkaure
  3433 | D:5      | Entered Level 5 of the Dungeon
  3460 | D:5      | Found a shadowy altar of Dithmenos.
  3624 | D:5      | Reached XP level 8. HP: 54/54 MP: 8/8
  3655 | D:5      | Found a glowing golden altar of the Shining One.
  3755 | D:5      | Reached skill level 6 in Shapeshifting
  3988 | D:5      | Learned a level 3 spell: Ozocubu's Armour
  4021 | D:5      | Found Vuett's Assorted Antiques.
  4028 | D:5      | Bought a scroll of identify for 56 gold pieces
  4148 | D:5      | Found a runed translucent door.
  4150 | D:5      | Noticed night's ghost (novice OpVM)
  4387 | D:5      | Reached skill level 1 in Ice Magic
  4591 | D:6      | Found a staircase to the Ecumenical Temple.
  4598 | Temple   | Entered the Ecumenical Temple
  4668 | Temple   | Became a worshipper of Gozag Ym Sagoz the Greedy
  4745 | D:6      | Found Susesin's General Store.
  4760 | D:6      | Found Heygyomm's Antique Weapon Shoppe.
  4823 | D:6      | Found Xiddosch's General Store.
  4875 | D:6      | Reached skill level 7 in Shapeshifting
  4974 | D:6      | Reached XP level 9. HP: 26/60 MP: 9/9
  5141 | D:6      | Found Ugrecepsox's Firing Range.
  5158 | D:6      | Found Noso's Weapon Shop.
  5280 | D:6      | Reached skill level 5 in Fighting
  5557 | D:6      | Bought a scroll of identify for 30 gold pieces
  5557 | D:6      | Bought a scroll of poison for 60 gold pieces
  5584 | D:6      | Found Qigyub's Specific Store.
  5589 | D:6      | Found Yxkag's General Store.
  5854 | D:6      | Found Lecibisiw's Armour Emporium.
  5993 | D:6      | Found a shimmering blue altar of Sif Muna.
  6794 | D:7      | Found a sand-covered staircase.
  6803 | Ossuary  | Entered an ossuary
  6847 | Ossuary  | Reached skill level 8 in Shapeshifting
  7068 | D:7      | Reached XP level 10. HP: 35/68 MP: 6/10
  9062 | D:8      | Reached skill level 9 in Shapeshifting
  9216 | D:8      | Identified the +5 scale mail of Summertime {rElec rC+}
  9722 | D:9      | Reached skill level 10 in Unarmed Combat
  9729 | D:9      | Noticed a two-headed ogre
  9741 | D:9      | Killed a two-headed ogre
  9903 | D:9      | Reached skill level 5 in Ice Magic
 10295 | D:10     | Entered Level 10 of the Dungeon
 10301 | D:10     | Noticed Grum
 10311 | D:10     | Reached XP level 11. HP: 53/74 MP: 11/11
 10315 | D:10     | Killed Grum
 11645 | D:10     | Found a staircase to the Lair.
 11648 | D:10     | Noticed a two-headed ogre
 11659 | D:10     | Killed a two-headed ogre
 11660 | D:10     | Reached skill level 10 in Shapeshifting
 11822 | Lair:1   | Entered Level 1 of the Lair of Beasts
 11907 | Lair:1   | Reached skill level 1 in Spellcasting
 12647 | Lair:1   | Noticed Maggie
 12651 | Lair:1   | Killed Maggie
 13205 | Lair:2   | Noticed Gastronok
 13370 | Lair:2   | Killed Gastronok
 13923 | Lair:2   | Reached XP level 12. HP: 82/82 MP: 15/15
 14098 | Lair:2   | Found a staircase to the Shoals.
 14537 | Lair:2   | Reached skill level 11 in Shapeshifting
 14609 | Lair:2   | Identified the +3 morningstar of Ylinabra {pain, Int+2
                  | Dex+3}
 14692 | Lair:2   | Noticed an eight-headed hydra
 14707 | Lair:2   | Killed an eight-headed hydra
 14872 | Lair:2   | Found a snail-covered altar of Cheibriados.
 14910 | Lair:2   | Noticed an eight-headed hydra
 15004 | Lair:2   | Killed an eight-headed hydra
 15356 | Lair:3   | Noticed a skyshark
 15482 | Lair:3   | Killed a skyshark
 15944 | Lair:3   | Found a staircase to the Snake Pit.
 16001 | Lair:3   | Reached skill level 1 in Translocations
 16404 | Lair:4   | Reached XP level 13. HP: 89/89 MP: 19/19
 16502 | Lair:4   | You fall into a shaft and drop 1 floor!
 16502 | Lair:5   | Entered Level 5 of the Lair of Beasts
 16939 | Lair:4   | Found a staircase to the Slime Pits.
 16970 | Lair:4   | Reached skill level 12 in Shapeshifting
 17227 | Lair:4   | Learned a level 4 spell: Manifold Assault
 17555 | Lair:5   | Identified the +1 buckler "Ugewnan" {Dex+2}
 17717 | Lair:5   | Reached skill level 5 in Spellcasting
 17850 | Lair:5   | Reached skill level 5 in Dodging
 18033 | Lair:5   | Reached XP level 14. HP: 97/97 MP: 22/22
 18114 | Lair:5   | Found the +4 skin of Zhor {*Englaciate rC+++ SInv}
 18213 | Lair:5   | Found the +7 captain's cutlass {speed, disarm}
 18748 | D:10     | Bought a +4 ring of protection for 576 gold pieces
 18748 | D:10     | Bought a ring of wizardry for 480 gold pieces
 18893 | D:11     | Noticed Josephine
 18900 | D:11     | Killed Josephine
 19019 | D:11     | Found a staircase to the Orcish Mines.
 19133 | D:11     | Reached skill level 13 in Shapeshifting
 19260 | D:11     | Identified the +7 falchion "Icotothreet" {flame, Str+2
                  | Dex+2}
 19405 | D:11     | Found a frozen archway.
 19417 | IceCv    | Entered an ice cave
 19423 | IceCv    | Reached skill level 10 in Fighting
 19740 | IceCv    | Reached skill level 5 in Translocations
 19789 | IceCv    | Noticed a reaper
 19800 | IceCv    | Killed a reaper
 20006 | D:11     | Saving game... please wait.
 20303 | D:11     | Found a runed translucent door.
 20304 | D:11     | Identified the +1 spear of Action {heavy, Will- Str+3 SInv}
 20305 | D:11     | Noticed DEFE's ghost (novice DsWn)
 20660 | D:12     | Noticed Rupert
 20669 | D:12     | Killed Rupert
 21473 | D:13     | Reached skill level 14 in Shapeshifting
 22267 | D:13     | Found a gate to the Vaults.
 22563 | Orc:1    | Entered Level 1 of the Orcish Mines
 22667 | Orc:1    | Reached XP level 15. HP: 103/103 MP: 24/24
 22695 | Orc:1    | Noticed an orc warlord
 22737 | D:11     | Killed an orc warlord
 23170 | Orc:2    | Entered Level 2 of the Orcish Mines
 23366 | Orc:1    | Reached skill level 15 in Shapeshifting
 23575 | Orc:2    | Paralysed by an orc sorcerer for 2 turns
 23713 | Orc:2    | Found a staircase to the Elven Halls.
 23720 | Orc:2    | Noticed an orc warlord
 23832 | Orc:2    | Killed an orc warlord
 24335 | Orc:2    | Found Refuosm's Antique Weapon Emporium.
 24335 | Orc:2    | Found Weanwestu's Distillery.
 24337 | Orc:2    | Found Facsih's Assorted Antiques.
 24337 | Orc:2    | Found Etae's Weapon Emporium.
 24343 | Orc:2    | Bought a potion of heal wounds for 70 gold pieces
 24343 | Orc:2    | Bought a potion of degeneration for 14 gold pieces
 24343 | Orc:2    | Bought a potion of resistance for 140 gold pieces
 24343 | Orc:2    | Bought a potion of might for 56 gold pieces
 24343 | Orc:2    | Bought a potion of might for 56 gold pieces
 24343 | Orc:2    | Bought 2 potions of might for 112 gold pieces
 24343 | Orc:2    | Bought a potion of lignification for 42 gold pieces
 24343 | Orc:2    | Bought a potion of attraction for 42 gold pieces
 24345 | Orc:2    | Bought a potion of cancellation for 216 gold pieces
 24345 | Orc:2    | Bought a scroll of blinking for 202 gold pieces
 24381 | Orc:1    | Found Heanas's Mayhem Merchandise.
 24617 | Orc:1    | Learned a level 2 spell: Blink
 24619 | Orc:1    | Learned a level 1 spell: Apportation
 25063 | D:14     | Reached skill level 16 in Shapeshifting
 25202 | D:14     | Gained mutation: You are dopey. (Int -2) [a shining eye]
 25830 | D:14     | Learned a level 4 spell: Vhi's Electric Charge
 25854 | D:15     | Entered Level 15 of the Dungeon
 25885 | D:15     | Reached skill level 1 in Air Magic
 26098 | D:15     | Found a staircase to the Depths.
 26550 | D:15     | Reached XP level 16. HP: 109/109 MP: 25/25
 26613 | D:15     | Reached skill level 17 in Shapeshifting
 26683 | D:15     | Reached skill level 5 in Air Magic
 26770 | D:15     | Found a hide-covered altar of Uskayaw.
 27206 | D:10     | Bought a storm talisman for 1280 gold pieces
 27268 | Snake:1  | Entered Level 1 of the Snake Pit
 27363 | Snake:1  | Identified the serpent talisman of Ewnoyxe {Str+2}
 27363 | Snake:1  | Noticed Aizul
 27525 | Snake:1  | Killed Aizul
 28515 | Snake:2  | Reached skill level 18 in Shapeshifting
 28824 | Snake:2  | Noticed Frances
 28852 | Snake:2  | Killed Frances
 29179 | Snake:2  | Noticed Roxanne
 29316 | Snake:2  | Found a runed translucent gate.
 29317 | Snake:2  | Found a runed translucent gate.
 29319 | Snake:2  | Found a runed translucent gate.
 29321 | Snake:2  | Noticed Emari's ghost (adept TrBe)
 29554 | Snake:2  | Found a runed translucent door.
 29757 | Snake:3  | Identified the amulet "Fatytroel" {Faith rN+ Stlth+}
 30038 | Snake:3  | Noticed Vashnia
 30159 | Snake:3  | Killed Vashnia
 30160 | Snake:3  | Reached skill level 19 in Shapeshifting
 30977 | Snake:3  | Reached XP level 17. HP: 100/115 MP: 26/26
 31544 | Snake:4  | Entered Level 4 of the Snake Pit
 32145 | Snake:4  | Killed from afar by a salamander tyrant

Illustrated notes

Levels and vault maps discovered:
D:1:      doesnt_arrival_eight_statues, layout_loops_ring
D:2:      layout_basic, serial_shops, nicolae_shop_real_fake_doors,
          nicolae_shop_industrial_runoff, shop_statue, minmay_misc_feat_columns
D:3:      layout_basic, yredelemnul_altar_generic,
          gammafunk_temple_overflow_elements, lightli_corner_chamber,
          uniq_grinder
D:4:      layout_basic, uniq_menkaure
D:5:      layout_loops_corners, tso_oasis_becter, grunt_dithmenos_smoke,
          ebering_ghost_reflecting_pool, serial_shops, shop_statue
D:6:      layout_cave_pools, lemuel_blue_sif_altar,
          minmay_temple_entry_stoned_glass, portal_sewer_entry_a, serial_shops,
          nicolae_shop_window_shopping, shop, nicolae_shop_getting_attention,
          nicolae_shop_stone, nicolae_shop_statue_plus, serial_gnoll_camp,
          gnoll_camp_mini_house, gnoll_camp_medium_01,
          gnoll_camp_mini_loothouse, gnoll_camp_medium_02, gnoll_camp_mini_hut,
          kennysheep_minor_cross, minmay_misc_feat_ornament,
          nicolae_specific_store, nicolae_shop_firing_range
D:7:      layout_gridville, chequers_ossuary_entry_cave, st_stairs_14
D:8:      layout_gridville, grunt_ministairs_13
D:9:      layout_cave_pools, serial_co_window_serial, co_window_corner_a,
          co_window_of_opportunity_a, co_window_corner_a, co_window_paths_a,
          co_window_corner_a, co_window_paths_b, co_window_corner_a,
          co_window_of_opportunity_b, co_window_2corner,
          co_window_of_opportunity_c, co_window_corner_b, glass_columns_b,
          glass_columns_a
D:10:     layout_grid_maze, lair_entry_dummy, uniq_grum
D:11:     layout_basic, david_orc_5, ebering_ghost_funeral_grove, serial_ice,
          serial_ice_e, serial_ice_c, serial_ice_d, serial_ice_b,
          portal_ice_cave_entry_ice_simulacra, minmay_misc_feat_doors,
          uniq_josephine
D:12:     layout_gridville, uniq_rupert
D:13:     layout_gridville, hellmonk_vaults_attempted_burglary
D:14:     layout_cross, kennysheep_island_fort
D:15:     hangedman_depths_entry_civil_slaughter, layout_rooms,
          nicolae_uskayaw_dance_hall
Temple:   minmay_temple_bridge_d
Lair:1:   layout_small_grid, nicolae_quartered_pool_super, grunt_megastairs_1,
          uniq_maggie
Lair:2:   layout_regular_city, minmay_shoals_entry_centaurs,
          kennysheep_snail_temple, uniq_gastronok
Lair:3:   layout_regular_city, guppyfry_snake_entry_island
Lair:4:   layout_concentric_octagons, nicolae_slime_entry_field_trip,
          roderic_batcave
Lair:5:   gammafunk_lair_ancient_temple, layout_loops_ring,
          serial_bayou_lagoon_a, hellmonk_guarded_unrand_zhor
Snake:1:  layout_basic, uniq_aizul
Snake:2:  cheibrodos_toxic_ritual, layout_basic, ebering_ghost_rock_garden,
          uniq_frances, uniq_roxanne
Snake:3:  layout_layer_cave, grunt_megastairs_2, lemuel_fruit_tree, uniq_vashnia
Snake:4:  minmay_snake_end_coiled, layout_onion, grunt_ministairs_13
Orc:1:    layout_caves, serial_shops, minmay_shop_mayhem
Orc:2:    grunt_orc_tribal_feast, layout_diamond_mine

Skill      XL: |  1  2  3  4  5  6  7  8  9 10 11 12 13 14 15 16 |
---------------+-------------------------------------------------+-----
Fighting       | 2 3 4 5 6 7 8 9 10 | 10.2
Unarmed Combat | 4 5 6 7 8 10 11 12 13 14 | 14.0
Shapeshifting  | 4 5 7 8 9 10 11 12 14 16 19 | 19.9
Ice Magic      | 1 3 5 6 7 |  7.0
Spellcasting   | 2 4 5 6 |  6.3
Dodging        | 3 5 6 |  6.4
Translocations | 1 4 5 |  5.2
Air Magic      | 4 5 |  5.2

Action                     |  1- 3 |  4- 6 |  7- 9 | 10-12 | 13-15 | 16-18 || total
---------------------------+-------+-------+-------+-------+-------+-------++-------
  Melee: Unarmed           |    49 |    56 |   256 |   439 |  1163 |   455 ||  2418
         Constrict         |    11 |    16 |    65 |    90 |   231 |    91 ||   504
         Tentacles         |     7 |    10 |    65 |    72 |       |       ||   154
         Punch             |       |     4 |    16 |    10 |       |     1 ||    31
  Throw: Dart              |       |       |       |     1 |       |       ||     1
   Cast: Ozocubu's Armour  |       |       |     3 |    25 |    58 |    11 ||    97
 Invoke: Call Merchant     |       |       |       |     1 |     1 |       ||     2
         Potion Petition   |       |       |       |       |       |     1 ||     1
  Evoke: Wand              |     2 |     1 |     2 |    30 |     5 |       ||    40
         Lightning rod     |       |       |       |       |     8 |       ||     8
    Use: Scroll            |     3 |     6 |     7 |     9 |     8 |     2 ||    35
         Potion            |     1 |       |     1 |     1 |     4 |     1 ||     8
   Stab: Sleeping          |     5 |     3 |     4 |     8 |     3 |       ||    23
         Distracted        |       |       |     4 |     2 |     8 |     3 ||    17
 Armour: Skin              |    20 |    28 |   143 |   322 |   924 |   399 ||  1836
  Dodge: Dodged            |    26 |    31 |   149 |   209 |   612 |   202 ||  1229
   Form: Anaconda          |       |       |       |     1 |       |     2 ||     3
         Blade             |       |       |       |     1 |       |       ||     1
         Storm             |       |       |       |       |       |     2 ||     2

Table legend: (Time is in decaauts)
 A = Elapsed time spent in this place.
 B = Non-inter-level travel time spent in this place.
 C = Inter-level travel time spent in this place.
 D = Time resting spent in this place.
 E = Time spent auto-exploring this place.
 F = Levels seen in this place.
 G = Mean time per level.
                   A        B        C        D        E       F      G
               +--------+--------+--------+--------+--------+-----+--------+
         Total |  31702 |  29854 |   1848 |   2326 |  20749 |  29 | 1093.2 |
       Dungeon |  17268 |  16111 |   1157 |   1144 |  11764 |  15 | 1151.2 |
        Temple |    140 |      2 |    138 |      0 |      0 |   1 |  140.0 |
          Lair |   6909 |   6573 |    336 |    557 |   4665 |   5 | 1381.8 |
     Snake Pit |   4787 |   4722 |     65 |    469 |   2943 |   4 | 1196.8 |
  Orcish Mines |   1822 |   1672 |    150 |    117 |    946 |   2 |  911.0 |
       Ossuary |    210 |    210 |      0 |      0 |    134 |   1 |  210.0 |
      Ice Cave |    565 |    565 |      0 |     39 |    297 |   1 |  565.0 |
               +--------+--------+--------+--------+--------+-----+--------+

Top non-repeatable levels by time:
 Snake:3: 1917 daAuts
     D:6: 1839 daAuts
  Lair:2: 1814 daAuts
  Lair:1: 1755 daAuts
    D:10: 1627 daAuts
    D:13: 1618 daAuts
    D:11: 1383 daAuts
     D:4: 1304 daAuts
     D:5: 1277 daAuts
     D:8: 1264 daAuts
     D:7: 1224 daAuts
 Snake:2: 1211 daAuts
  Lair:4: 1192 daAuts
 Snake:1: 1182 daAuts
  Lair:5: 1167 daAuts
